AoeStats
← Irving Legend

Four Lakes

503402409Analyzed
2v2 RM · 1mo ago on Aug 31, 2026· 25m 16s· 4 players
Game mode
Random Map
Map size
Medium (4 player)
Population
200
Speed
Normal
Resources
Standard
Victory
Conquest
Starting age
Dark Age
Ending age
Imperial Age
RankedLock teamsTeams togetherTeam positionsShared explorationLock speedFull tech treeHidden civsTurbo modeCheats
Victory
Defeat
🇨🇴 Persians · Colombia
1119
+15
🇨🇦 Romans · Canada
1094
+16
🇩🇪 Byzantines · Germany
1127
-17
🇺🇸 Armenians · United States
1078
-15
Thousk_
6:45 Loom
8:57 Feudal Age
9:25 Double-Bit Axe
18:19 Gold Mining
21:55 Castle Age
21:33 Bloodlines
21:35 Scale Barding Armor
25:04 Chain Barding Armor
Irving Legend
7:29 Loom
9:38 Feudal Age
10:01 Man-at-Arms
10:28 Double-Bit Axe
15:43 Scale Mail Armor
15:54 Forging
19:50 Castle Age
18:55 Fletching
20:06 Long Swordsman
21:03 Chain Mail Armor
21:24 Iron Casting
20:59 Gold Mining
25:05 Squires
droger144
7:04 Loom
10:21 Feudal Age
10:24 Man-at-Arms
11:06 Long Swordsman
23:27 Wheelbarrow
22:42 Double-Bit Axe
23:20 Fletching
26:52 Castle Age
24:24 Pikeman
Trob
1:38 Loom
11:41 Feudal Age
13:35 Double-Bit Axe
20:18 Castle Age
18:44 Horse Collar
20:39 Padded Archer Armor
20:30 Fletching
20:51 Crossbowman
23:45 Medium Warships
Connection lost

Rejoining the realm…

Still unreachable

The connection could not be restored.

Session expired

The server has moved on; the page needs a fresh start.